 Dungeon Crawl Stone Soup version 0.19.1 (webtiles) character file.

491 Ajunta the Sneak (level 6, 0/30 HPs)
             Began as a Spriggan Enchanter on Mar 25, 2017.
             Slain by a gnoll
             ... wielding a +0 spear
              (5 damage)
             ... on level 4 of the Dungeon.
             The game lasted 00:44:15 (3805 turns).

Ajunta the Sneak (Spriggan Enchanter)               Turns: 3805, Time: 00:44:16

Health: 0/30       AC:  3    Str:  4    XL:     6   Next: 91%
Magic:  9/12       EV: 21    Int: 17    God:
Gold:   207        SH:  0    Dex: 18    Spells: 2 memorised, 7 levels left

rFire  . . .     SeeInvis +     f - +2 short sword (distort)
rCold  . . .     Gourm    .     b - +1 robe
rNeg   . . .     Faith    .     (shield restricted)
rPois  .         Spirit   .     (helmet restricted)
rElec  .         Reflect  .     (no cloak)
rCorr  .         Harm     .     (gloves unavailable)
MR     +....                    (boots unavailable)
Stlth  ++++......               (no amulet)
                                (no ring)
                                h - ring of flight

@: very quick
A: unfitting armour, see invisible, herbivore 3, speed 3, slow metabolism 2
a: Evoke Flight


You were on level 4 of the Dungeon.
You were not hungry.

You visited 1 branch of the dungeon, and saw 4 of its levels.

You collected 207 gold pieces.

Inventory:

Hand Weapons
 a - a +1 dagger
 e - a +1 whip of draining
 f - a +2 short sword of distortion (weapon)
 l - a +2 dagger of freezing
Missiles
 g - 23 poisoned needles
Armour
 b - a +1 robe (worn)
Magical Staves
 k - an uncursed staff of summoning
Jewellery
 h - a ring of flight (left hand)
Scrolls
 j - a scroll of enchant weapon
Books
 c - a book of Maledictions

   Spells                             Type                      Level
   a - Corona                         Hexes                        1
   b - Ensorcelled Hibernation        Hexes/Ice                    2
   c - Confuse                        Hexes                        3
   d - Tukima's Dance                 Hexes                        3
   e - Dazzling Spray                 Conjuration/Hexes            3
Comestibles
 d - a bread ration


   Skills:
 + Level 1.2 Fighting
 + Level 4.1 Short Blades
 + Level 5.7 Dodging
 + Level 7.2 Stealth
 + Level 3.4 Spellcasting
 + Level 4.7 Hexes


You had 7 spell levels left.
You knew the following spells:

 Your Spells              Type           Power        Failure   Level  Hunger
a - Corona                Hex            ###....      2%          1    None
b - Confuse               Hex            ###.....     10%         3    ###....


Dungeon Overview and Level Annotations

Branches:
Dungeon (4/15)
 Temple: D:4-7

Altars:
Kikubaaqudgha
Zin


Innate Abilities, Weirdness & Mutations

You are very small and have problems with some larger weapons.
You are too small for most types of armour.
You have supernaturally acute eyesight. (SInv)
You are a herbivore.
You cover ground extremely quickly.
You need consume almost no food.


Message History

The gnoll hits you from afar with a spear!
* * * LOW HITPOINT WARNING * * *
Cast which spell? (? or * to list)
Aiming: Confuse
Press: ? - help, Shift-Dir - straight line, f - orc wizard
Aim: an orc wizard, wielding a dagger and wearing a robe (translocational energy, fast, chance to defeat MR: 50%)
The orc wizard appears confused.
The orc wizard completely misses the orc.
The gnoll hits you from afar with a spear.
* * * LOW HITPOINT WARNING * * *
The orc wizard hits the gnoll with a dagger.
You hit the orc wizard.
Space warps horribly around the orc wizard!
You kill the orc wizard!
Your Short Blades skill increases to level 4!
The gnoll closely misses you.
You hit the orc.
Space bends around the orc.
You kill the orc!
The gnoll hits you from afar with a spear.
You die...

# ##......[ # ##.....##
....# ####.......# #...#
...........# #...#
...........# ##..=#
#####...........g.#
##...##### g.. ##.## #)#
#######.########@######
........................
########################


You could see 2 gnolls.

Vanquished Creatures
  The ghost of Annan the Cutter, an amateur HaSk of Hepliaklqana (D:3)
  2 orc wizards
  6 gnolls (D:3)
  2 adders (D:3)
  2 oozes
  2 worms (D:2)
  13 orcs
  A ball python (D:2)
  11 bats
  5 giant cockroaches
  22 goblins
  23 hobgoblins
  7 jackals
  A quokka (D:2)
  6 frilled lizards
  11 kobolds
  A leopard gecko skeleton (D:4)
  10 rats
126 creatures vanquished.

Vanquished Creatures (others)
  A big kobold (D:3)
  An orc priest (D:3)
  A gnoll (D:3)
  A worm (D:3)
  A dart slug (D:3)
  An orc (D:3)
  A jackal (D:3)
  A kobold (D:2)
8 creatures vanquished.

Grand Total: 134 creatures vanquished

Notes
Turn   | Place    | Note
-------+----------+-------------------------------------------
     0 | D:1      | Ajunta the Spriggan Enchanter began the quest for the Orb.
     0 | D:1      | Reached XP level 1. HP: 9/9 MP: 5/5
    74 | D:1      | Reached XP level 2. HP: 8/13 MP: 6/6
   642 | D:2      | Reached XP level 3. HP: 13/16 MP: 8/8
   664 | D:2      | Reached skill level 5 in Stealth
  1380 | D:3      | Learned a level 3 spell: Confuse
  1416 | D:3      | Reached XP level 4. HP: 21/21 MP: 9/9
  1466 | D:3      | Noticed Annan's ghost (amateur HaSk)
  1525 | D:3      | Killed Annan's ghost
  1525 | D:3      | Reached skill level 6 in Stealth
  1525 | D:3      | Reached XP level 5. HP: 7/25 MP: 3/10
  2219 | D:3      | Reached XP level 6. HP: 26/29 MP: 11/11
  2283 | D:3      | Reached skill level 1 in Fighting
  2283 | D:3      | Reached skill level 5 in Dodging
  2711 | D:3      | Reached skill level 7 in Stealth
  3294 | D:3      | Found a glowing silver altar of Zin.
  3445 | D:3      | Found an ancient bone altar of Kikubaaqudgha.
  3805 | D:4      | Slain by a gnoll

Skill      XL: |  1  2  3  4  5  6 |
---------------+-------------------+-----
Hexes          | 4 |  4.7
Stealth        | 5 6 7 |  7.2
Short Blades   | 2 3 4 |  4.1
Dodging        | 4 5 |  5.7
Spellcasting   | 3 |  3.4
Fighting       | 1 |  1.2

Action                   |  1- 3 |  4- 6 || total
-------------------------+-------+-------++-------
Melee: Dagger            |   108 |       ||   108
       Short sword       |    58 |   259 ||   317
 Cast: Corona            |     1 |       ||     1
       Confuse           |       |     5 ||     5
  Use: Scroll            |     4 |     1 ||     5
       Potion            |     1 |       ||     1
 Stab: Sleeping          |    12 |     3 ||    15
       Distracted        |       |     1 ||     1
  Eat: Royal jelly       |       |     1 ||     1
Armor: Robe              |    22 |    21 ||    43
Dodge: Dodged            |   129 |   195 ||   324
